 Dungeon Crawl Stone Soup version 0.27-a0-1391-g48c30b3128 (webtiles) character file.

Game seed: 13442851389684705192

93 BlueGoblin the Digger (level 4, 0/27 HPs)
             Began as an Octopode Earth Elementalist on July 1, 2021.
             Slain by a gnoll (3 damage)
             ... on level 3 of the Dungeon.
             The game lasted 00:05:39 (2726 turns).

BlueGoblin the Digger (Octopode Earth Elementalist) Turns: 2726, Time: 00:05:40

Health: 0/27       AC:  1    Str:  7    XL:     4   Next: 62%
Magic:  9/17       EV: 13    Int: 18    God:
Gold:   108        SH:  0    Dex: 12    Spells: 4/8 levels left

rFire    . . .     SeeInvis .   a - +4 dagger (flame)
rCold    . . .     Faith    .   (no shield)
rNeg     . . .     Spirit   .   (helmet restricted)
rPois    .         Reflect  .   (no amulet)
rElec    .         Harm     .   d - ring of magical power
rCorr    .         Rampage  .   (no ring)
Will     .....                  (no ring)
Stlth    +++.......             (no ring)
HPRegen  0.09/turn              (no ring)
MPRegen  0.15/turn              (no ring)
                                (no ring)
                                (no ring)

@: no status effects
A: almost no armour, amphibious, 8 rings, camouflage 1, gelatinous body 1,
(nimble swimmer 1), tentacles
a: no special abilities


You were on level 3 of the Dungeon.
You visited 1 branch of the dungeon, and saw 3 of its levels.

You collected 108 gold pieces.

Inventory:

Hand Weapons
 a - a +4 dagger of flaming (weapon)
Missiles
 b - 22 stones
 c - 26 poisoned darts
Jewellery
 d - a ring of magical power (left tentacle)
 e - a ring of fire
Wands
 j - a wand of charming (13)
Scrolls
 i - a scroll of fear {unknown}
Potions
 f - a potion of might {unknown}
 g - a potion of haste {unknown}
 h - a potion of curing


   Skills:
 + Level 2.2 Dodging
 + Level 3.1 Stealth
 + Level 2.7 Spellcasting
 + Level 1.0 Transmutations
 * Level 4.5 Earth Magic


You had 4 spell levels left.
You knew the following spells:

 Your Spells              Type           Power      Damage    Failure   Level
a - Sandblast             Erth           36%        2d10      2%          1
b - Stone Arrow           Conj/Erth      20%        3d8       21%         3

Your spell library contained the following spells:

 Spells                   Type           Power      Damage    Failure   Level
 Passwall                 Tmut/Erth      10%        N/A       9%          2
 Petrify                  Tmut/Erth      12%        N/A       47%         4
 Lee's Rapid Deconstruct  Erth           9%         3d8*      58%         5


Dungeon Overview and Level Annotations

Branches:
Dungeon (3/15)

Altars:
Cheibriados
Okawaru

Shops:
D:2 (


Innate Abilities, Weirdness & Mutations

You cannot wear most types of armour.
You are amphibious.
You can wear up to eight rings at the same time.
Your skin changes colour to match your surroundings (Stealth+).
Your rubbery body absorbs attacks. (AC +1, EV +1)
((You are camouflaged near water. (Stealth+)))
You have tentacles for arms and can constrict up to eight enemies at once.


Message History

a +0 hand axe; 3 boomerangs; a +0 leather armour
i - a scroll labelled REIZXE CUMM
Found a stone staircase leading down.
There is a stone staircase leading down here.
c - 26 poisoned darts (gained 6)
Found a snail-covered altar of Cheibriados and an iron altar of Okawaru.
Found a scroll labelled YROBUYFUONA.
A gnoll comes into view. It is wielding a +0 whip.
A gnoll comes into view. It is wielding a +0 halberd.
A gnoll comes into view. It is wielding a +0 flail.
A gnoll comes into view. It is wielding a +0 spear.
You can't see any susceptible monsters within range! (Use Z to cast anyway.)
The gnoll shouts!
The blast of sand misses the gnoll.
The gnoll shouts! x3
The blast of sand hits the gnoll but does no damage.
The blast of sand hits the gnoll.
The gnoll is lightly wounded.
The gnoll barely misses you.
The blast of sand hits the gnoll.
The gnoll is lightly wounded.
The gnoll closely misses you.
The blast of sand hits the gnoll.
The gnoll is moderately wounded.
The gnoll barely misses you.
The blast of sand hits the gnoll.
The gnoll is severely wounded.
The blast of sand hits the gnoll!
You kill the gnoll!
The blast of sand hits the gnoll!
The gnoll is heavily wounded.
The gnoll hits you from afar with a +0 halberd!
The blast of sand hits the gnoll!
You kill the gnoll!
The gnoll hits you from afar with a +0 halberd!
Ouch! That really hurt!
* * * LOW HITPOINT WARNING * * *
Found 18 gold pieces.
The gnoll hits you from afar with a +0 spear.
You die...

. ### . ..# .#
##########.##.##
.....#.@.g##.....$
...#...#..g...#.# ..
#...#...##...#.#
#....###.###.........##
......#...#....#).....##.#
...#...#...#..#..._......
#....#...#...##...8..####
###.#.###.###.###.)?_..#
.......#...#...##......#


You could see 2 gnolls.

Vanquished Creatures
  2 gnolls (D:3)
  2 adders (D:2)
  A dart slug (D:1)
  3 orcs (D:3)
  6 endoplasms
  A giant cockroach (D:2)
  3 hobgoblins (D:1)
  2 quokkas
  3 ball pythons (D:2)
  3 bats
  4 frilled lizards
  9 goblins
  5 kobolds
  6 rats
50 creatures vanquished.

Notes
Turn   | Place    | Note
-------+----------+-------------------------------------------
     0 | D:1      | BlueGoblin the Octopode Earth Elementalist began the quest
                  | for the Orb.
     0 | D:1      | Reached XP level 1. HP: 11/11 MP: 3/3
   323 | D:1      | Reached XP level 2. HP: 17/17 MP: 3/5
  1199 | D:2      | Reached XP level 3. HP: 21/21 MP: 6/6
  1252 | D:2      | HP: 1/21 [poisoned by an adder]
  1838 | D:2      | Learned a level 3 spell: Stone Arrow
  1839 | D:2      | Found Ulluggesu's Weapon Boutique.
  1856 | D:2      | Reached skill level 4 in Earth Magic
  2220 | D:2      | Reached XP level 4. HP: 27/27 MP: 7/7
  2476 | D:3      | Found a faded altar of an unknown god.
  2700 | D:3      | Found a snail-covered altar of Cheibriados.
  2700 | D:3      | Found an iron altar of Okawaru.
  2726 | D:3      | Slain by a gnoll

Illustrated notes

Levels and vault maps discovered:
D:1:      mrwooster_arrival_statue, layout_basic
D:2:      layout_loops_ring, serial_shops, shop, chequers_jeans
D:3:      layout_loops_ring, lemuel_crystal_altar,
          chequers_temple_overflow_statue_of_worship,
          ebering_ecumenical_altar_mist, minmay_misc_feat_secret_circle,
          minmay_misc_feat_four_crosses

Skill      XL: |  1  2  3 |
---------------+----------+-----
Stealth        | 3 |  3.1
Earth Magic    | 4 |  4.5
Dodging        | |  2.2
Spellcasting   | |  2.7
Transmutations | |  1.0

Action                   |  1- 3 |  4- 6 || total
-------------------------+-------+-------++-------
Melee: Unarmed           |     7 |       ||     7
       Tentacles         |     3 |     2 ||     5
       Constrict         |     2 |     3 ||     5
       Dagger            |     8 |    12 ||    20
 Cast: Sandblast         |    45 |    17 ||    62
  Use: Scroll            |       |     2 ||     2
 Stab: Sleeping          |     5 |     1 ||     6
Armor: Skin              |     1 |     2 ||     3
Dodge: Dodged            |    17 |    13 ||    30

Table legend: (Time is in decaauts)
 A = Elapsed time spent in this place.
 B = Non-inter-level travel time spent in this place.
 C = Inter-level travel time spent in this place.
 D = Time resting spent in this place.
 E = Time spent auto-exploring this place.
 F = Levels seen in this place.
 G = Mean time per level.
                   A        B        C        D        E       F      G
               +--------+--------+--------+--------+--------+-----+--------+
         Total |   2724 |   2678 |     46 |    442 |   1831 |   3 |  908.0 |
       Dungeon |   2724 |   2678 |     46 |    442 |   1831 |   3 |  908.0 |
               +--------+--------+--------+--------+--------+-----+--------+

Top non-repeatable levels by time:
     D:2: 1214 daAuts
     D:1: 1172 daAuts
     D:3: 337 daAuts
